 Dungeon Crawl Stone Soup version 0.31.0-11-ge490571c62 (webtiles) character file.

Game seed: 9634774248775528620

228 qw the Shooter (level 5, -5/25 HPs)
             Began as a Spriggan Hunter on Feb 3, 2024.
             Slain by a goblin
             ... wielding a +0 dagger
             ... led by Robin
              (6 damage)
             ... on level 3 of the Dungeon.
             The game lasted 00:00:06 (1464 turns).

qw the Shooter (Spriggan Hunter)                    Turns: 1464, Time: 00:00:06

Health: -5/25      AC:  2    Str:  7    XL:     5   Next: 71%
Magic:  6/6        EV: 20    Int: 10    God:
Gold:   12         SH:  0    Dex: 21    Spells: 4/4 levels left

rFire   . . .        a - +1 shortbow (freeze)
rCold   . . .        (shield currently unavailable)
rNeg    . . .        c - +0 robe
rPois   +            (helmet restricted)
rElec   .            (no cloak)
rCorr   .            (gloves unavailable)
SInv    +            (boots unavailable)
Will    .....        (no amulet)
Stlth   ++           j - ring of poison resistance
HPRegen 0.24/turn    (no ring)
MPRegen 0.10/turn

%: no passive effects
@: very quick
A: very small, no large weapons, unfitting armour, see invisible, speed 3
a: no special abilities


You were on level 3 of the Dungeon.
You visited 1 branch of the dungeon, and saw 3 of its levels.

You collected 147 gold pieces.
You spent 135 gold pieces at shops.


Innate Abilities, Weirdness & Mutations

You are very small and have problems with some larger weapons.
You are too small for most types of armour.
You have supernaturally acute eyesight. (SInv)
You cover ground extremely quickly. (Speed+++)


   Skills:
 - Level 1.5 Fighting
 - Level 6.3 Ranged Weapons
 + Level 4.7 Dodging
 - Level 1.5 Stealth


You had 4 spell levels left.
You didn't know any spells.
Your spell library was empty.

Inventory:

Hand Weapons
 a - a +1 shortbow of freezing (weapon)
Armour
 c - a +0 robe (worn)
Jewellery
 j - a ring of poison resistance (left hand)
Wands
 h - a wand of charming (7)
Scrolls
 f - a scroll of identify
 i - a scroll of fog {unknown}
 k - a scroll of blinking {unknown}
Potions
 b - a potion of heal wounds {unknown}
 d - a potion of resistance
 e - a potion of curing
 g - a potion of haste {unknown}

Dungeon Overview and Level Annotations

Branches:
Dungeon (3/15)

Altars:
Zin

Shops:
D:2 ?

Annotations:
D:3 Robin


Message History

The goblin shouts!
The arrow hits the goblin.
The arrow freezes the goblin.
The goblin is heavily wounded.
The goblin misses you. Robin throws the goblin at you!
The goblin hits you with a +0 dagger.
A hobgoblin comes into view.
The goblin hits you with a +0 dagger.
You shoot an arrow. The arrow closely misses the goblin.
The goblin hits you with a +0 dagger. x2
You shoot an arrow. The arrow hits the goblin!
The arrow freezes the goblin.
You kill the goblin!
Robin roars a battlecry!
The goblins go into a battle-frenzy!
The goblin closely misses you.
A goblin comes into view. It is wielding a +0 dagger.
You shoot an arrow. The arrow hits the goblin!
The arrow freezes the goblin.
You kill the goblin!
Robin throws the goblin at you! The hobgoblin completely misses you.
You shoot an arrow. The arrow hits the goblin.
The arrow freezes the goblin.
You kill the goblin!
The hobgoblin hits you.
A goblin comes into view. It is wielding a +0 club.
You shoot an arrow. The arrow hits the hobgoblin!
The arrow freezes the hobgoblin.
You kill the hobgoblin!
Robin roars a battlecry!
The goblin goes into a battle-frenzy!
You shoot an arrow. The arrow barely misses the goblin.
You shoot an arrow. The arrow hits the goblin!
The arrow freezes the goblin.
You kill the goblin!
You shoot an arrow. The arrow closely misses Robin.
You shoot an arrow. The arrow hits Robin.
The arrow freezes Robin.
Robin is moderately wounded.
Robin misses you. The goblin closely misses you.
You shoot an arrow. The arrow barely misses Robin.
Robin throws the goblin at you! The goblin hits you with a +0 dagger.
You shoot an arrow. The arrow barely misses Robin.
Robin closely misses you. The hobgoblin closely misses you.
The goblin hits you with a +0 dagger.
You die...

#.#.# #.#
#.# #.#
#.# #.#
#.# #g#
#@#
.....ggg#
.########


You could see Robin, a hobgoblin (strong) and 2 goblins.

Vanquished Creatures
  Sigmund (D:2)
  2 dart slugs
  6 orcs (D:3)
  4 ball pythons
  5 endoplasms
  4 giant cockroaches
  8 goblins
  4 hobgoblins
  3 jackals (D:3)
  3 quokkas
  5 bats
  6 kobolds
  3 rats (D:1)
54 creatures vanquished.

Notes
Turn   | Place    | Note
-------+----------+-------------------------------------------
     0 | D:1      | qw the Spriggan Hunter began the quest for the Orb.
     0 | D:1      | Reached XP level 1. HP: 10/10 MP: 2/2
     0 | D:1      | 0 ||| qw: Version: 0.3-a-155-g5e7d8dd
     0 | D:1      | 0 ||| qw: Game counter: 3394
     0 | D:1      | 0 ||| qw: Melee chars always use a shield: true
     0 | D:1      | 0 ||| qw: God list: Okawaru
     0 | D:1      | 0 ||| qw: Allow faded altars: false
     0 | D:1      | 0 ||| qw: Do Orc after clearing Dungeon:15 true
     0 | D:1      | 0 ||| qw: Do second Lair branch before Depths: true
     0 | D:1      | 0 ||| qw: Lair rune preference: random
     0 | D:1      | 0 ||| qw: Goals: Normal
     0 | D:1      | 0 ||| PLANNING D:1-11
    52 | D:1      | Reached skill level 3 in Dodging
   122 | D:1      | Reached XP level 2. HP: 14/14 MP: 3/3
   594 | D:1      | Reached XP level 3. HP: 18/18 MP: 4/4
   673 | D:1      | 673 ||| READING scroll labelled XUCKUE FO UXUOT.
   674 | D:1      | 674 ||| READING scroll labelled UGIHURUESH.
   674 | D:1      | 674 ||| BRANDING +0 shortbow.
   675 | D:1      | 675 ||| READING 2 scrolls labelled IRAGGU EBOCS.
   675 | D:1      | 675 ||| IDENTIFYING viscous white potion
   676 | D:1      | 676 ||| READING scroll of identify.
   676 | D:1      | 676 ||| IDENTIFYING metallic pink potion
   677 | D:1      | 677 ||| DROPPING scroll of butterflies.
   678 | D:1      | 678 ||| DROPPING potion of lignification.
   723 | D:2      | Noticed Sigmund
   731 | D:2      | 731 ||| DRINKING potion of curing.
   731 | D:2      | 731 ||| (to cure confusion)
   735 | D:2      | Killed Sigmund
   736 | D:2      | Reached skill level 6 in Ranged Weapons
   736 | D:2      | Reached XP level 4. HP: 16/22 MP: 5/5
   736 | D:2      | Reached XP level 5. HP: 18/25 MP: 6/6
  1146 | D:2      | Found Elecvusk's Magic Scroll Shop.
  1149 | D:2      | 1149 ||| BUYING scroll of enchant weapon (75 gold).
  1149 | D:2      | Bought a scroll of enchant weapon for 75 gold pieces
  1149 | D:2      | 1149 ||| BUYING scroll of identify (20 gold).
  1149 | D:2      | Bought a scroll of identify for 20 gold pieces
  1149 | D:2      | 1149 ||| BUYING scroll of identify (20 gold).
  1149 | D:2      | Bought a scroll of identify for 20 gold pieces
  1149 | D:2      | 1149 ||| BUYING scroll of identify (20 gold).
  1149 | D:2      | Bought a scroll of identify for 20 gold pieces
  1149 | D:2      | 1149 ||| SHOPLISTING scroll of identify (20 gold, have 12).
  1149 | D:2      | 1149 ||| SHOPLISTING scroll of teleportation (30 gold, have
                  | 12).
  1149 | D:2      | 1149 ||| READING scroll of enchant weapon.
  1149 | D:2      | 1149 ||| ENCHANTING +0 shortbow of freezing.
  1199 | D:2      | 1199 ||| UPGRADING to ring of poison resistance.
  1200 | D:2      | 1200 ||| READING 4 scrolls of identify.
  1200 | D:2      | 1200 ||| IDENTIFYING fizzy blue potion
  1201 | D:2      | 1201 ||| READING 3 scrolls of identify.
  1201 | D:2      | 1201 ||| IDENTIFYING fizzy cyan potion
  1202 | D:2      | 1202 ||| READING 2 scrolls of identify.
  1202 | D:2      | 1202 ||| IDENTIFYING murky brown potion
  1203 | D:2      | 1203 ||| READING scroll of identify.
  1203 | D:2      | 1203 ||| IDENTIFYING scroll labelled XIUPEO ROCA
  1204 | D:2      | 1204 ||| READING scroll labelled LOOWEE SAUGISOEMI.
  1207 | D:2      | 1207 ||| DROPPING potion of brilliance.
  1208 | D:2      | 1208 ||| DROPPING potion of invisibility.
  1209 | D:2      | 1209 ||| DROPPING scroll of poison.
  1393 | D:3      | Found a glowing silver altar of Zin.
  1449 | D:3      | Noticed Robin
  1457 | D:3      | HP: 3/25 [hobgoblin[Robin] (6)]
  1463 | D:3      | HP: 1/25 [goblin/+0 dagger[Robin] (4)]
  1464 | D:3      | Slain by a goblin

Levels and vault maps discovered:
D:1:      dpeg_arrival_orchard, layout_loops_ring
D:2:      layout_basic, serial_shops, nicolae_shop_rolled_up, uniq_sigmund
D:3:      layout_loops_ring, mainiacjoe_overflow_boulevard,
          nicolae_tso_swordbearing_angel, uniq_robin

Skill      XL: |  1  2  3 |
---------------+----------+-----
Dodging        | 3 4 |  4.7
Ranged Weapons | 6 |  6.3
Fighting       | |  1.5
Stealth        | |  1.5

Action                     |  1- 3 |  4- 6 || total
---------------------------+-------+-------++-------
   Fire: Shortbow          |    80 |    61 ||   141
    Use: Scroll            |     4 |     6 ||    10
         Potion            |     1 |       ||     1
 Armour: Robe              |     8 |    13 ||    21
  Dodge: Dodged            |    24 |    17 ||    41

Table legend:
 A = Non-vault XP
 B = Vault XP
 C = Vault XP percentage of total XP
 D = Non-vault monster count
 E = Vault monster count
 F = Vault count percentage of total count
                 A         B        C        D         E       F
            +---------+---------+-------+---------+---------+-------
      Total |      92 |     235 |  71.9 |      47 |       7 |  13.0
            +---------+---------+-------+---------+---------+-------
        D:1 |      44 |       0 |   0.0 |      24 |       0 |   0.0
        D:2 |      20 |     223 |  91.8 |      11 |       1 |   8.3
        D:3 |      28 |      12 |  30.0 |      12 |       6 |  33.3
            +---------+---------+-------+---------+---------+-------
